 Dungeon Crawl Stone Soup version 0.21.1-1-g345015f (webtiles) character file.

38064 protoss039 the Cleaver (level 14, -7/73 HPs)
             Began as a Gargoyle Monk on June 8, 2018.
             Was the Champion of Okawaru.
             Killed by divine providence
             ... invoked by a balrug
              (12 damage)
             ... on level 2 of the Abyss.
             The game lasted 01:26:52 (14357 turns).

protoss039 the Cleaver (Gargoyle Monk)             Turns: 14357, Time: 01:26:53

Health: -7/73      AC: 35    Str: 24    XL:     14   Next: 0%
Magic:  0/20       EV: 17    Int:  8    God:    Okawaru [******]
Gold:   1778       SH: 17    Dex: 20    Spells: 13/13 levels left

rFire    . . .     SeeInvis .   Y - +1 broad axe "Ylezamos" {drain, Dex+5}
rCold    + + .     Gourm    .   E - +0 shield
rNeg     + . .     Faith    .   F - +3 ring mail {rC+}
rPois    ∞         Spirit   +   r - +1 helmet
rElec    +         Reflect  +   u - scarf {Spirit}
rCorr    .         Harm     .   H - +2 pair of gloves {Str+3}
MR       +....                  G - +1 pair of boots {Stlth+}
Stlth    ++++......             Q - +2 amulet of reflection
HPRegen  0.22/turn              d - +5 ring of protection
MPRegen  0.17/turn              C - ring of protection from cold

@: mighty, heroism, hasted, very quick
A: big wings, [blurry vision 2], dopey 1, [frail 2], negative energy resistance
1, electricity resistance, weak 1, unbreathing, petrification resistance, rot
immunity, sturdy frame 1, AC +10
a: Fly, Heroism, Finesse, Renounce Religion


You were on level 2 of the Abyss.
You worshipped Okawaru.
Okawaru was exalted by your worship.
You were not hungry.

You visited 2 branches of the dungeon, and saw 16 of its levels.
You visited the Abyss 1 time.
You also visited: Bailey.

You collected 1970 gold pieces.
You spent 192 gold pieces at shops.

Inventory:

Hand Weapons
 M - a +2 scimitar of flaming
 R - the +1 halberd "Earthworm" {freeze, rF+ MR- Int+5}
   (Okawaru gifted it to you on level 12 of the Dungeon)

   It has been specially enchanted to freeze those struck by it, causing extra
   injury to most foes and up to half again as much damage against particularly
   susceptible opponents.
   It can also slow down cold-blooded creatures.
   It affects your intelligence (+5).
   It protects you from fire.
   It affects your resistance to hostile enchantments.
 Y - the +1 broad axe "Ylezamos" (weapon) {drain, Dex+5}
   (Okawaru gifted it to you on level 13 of the Dungeon)

   A truly terrible weapon, it drains the life of those it strikes.
   It affects your dexterity (+5).
Missiles
 S - 59 tomahawks of returning (quivered)
Armour
 r - a +1 helmet (worn)
 u - a scarf of spirit shield (worn)
 E - a +0 shield (worn)
 F - a +3 ring mail of cold resistance (worn)
 G - a +1 pair of boots of stealth (worn)
 H - a +2 pair of gloves of strength (worn)
Jewellery
 d - a +5 ring of protection (left hand)
 e - an uncursed ring of fire
 y - an uncursed ring of see invisible
 C - a ring of protection from cold (right hand)
 Q - a +2 amulet of reflection (around neck)
Wands
 n - a wand of flame (76)
 L - a wand of iceblast (7)
 P - a wand of acid (4)
Scrolls
 a - a scroll of identify
 b - a scroll of teleportation
 f - 4 scrolls of magic mapping
 h - 10 scrolls of remove curse
 m - 2 scrolls of enchant weapon
 z - 3 scrolls of enchant armour
 B - a scroll of vulnerability {unknown}
 I - a scroll of blinking
 N - 2 scrolls of brand weapon
 O - a scroll of fog
Potions
 j - 2 potions of ambrosia {unknown}
 l - 4 potions of flight {unknown}
 p - a potion of agility {unknown}
 q - 3 potions of lignification {unknown}
 s - 3 potions of brilliance
 v - a potion of degeneration {unknown}
 x - 2 potions of cancellation
 A - a potion of resistance {unknown}
 D - 3 potions of curing
 T - 4 potions of magic {unknown}
 U - a potion of experience {unknown}
Books
 t - a book of Enchantments

   Spells                             Type                      Level
   a - Cause Fear                     Hexes                        4
   b - Yara's Violent Unravelling     Hexes/Transmutation          5
   c - Silence                        Hexes/Air                    5
   d - Deflect Missiles               Charms/Air                   6
   e - Discord                        Hexes                        8
Comestibles
 c - 24 rations


   Skills:
 + Level 12.6(17.6) Fighting
 * Level 13.9(18.9) Axes
 + Level 9.3(14.3) Armour
 - Level 2.4(7.4) Dodging
 - Level 2.1(7.1) Stealth
 + Level 9.5(14.5) Shields
 - Level 8.3 Invocations


You had 13 spell levels left.
You didn't know any spells.

Dungeon Overview and Level Annotations

Branches:
Dungeon (15/15)            Temple (1/1) D:7            Lair (0/6) D:8
    Orc (0/2) D:12         Vaults (0/5) D:13
 Depths: D:15

Altars:
Ashenzari
Cheibriados
Dithmenos
Elyvilon
Fedhas
Gozag
Hepliaklqana
Kikubaaqudgha
Makhleb
Nemelex Xobeh
Okawaru
Qazlal
Ru
Sif Muna
Trog
Uskayaw
Vehumet
Wu Jian
Xom
Yredelemnul
Zin
The Shining One

Shops:
D:4 :   D:6 !   D:7 (

Annotations:
D:4 diana's ghost, amateur MiFi


Innate Abilities, Weirdness & Mutations

You are resistant to torment.
Your stone body is resilient. (AC +10)
You are immune to poison.
Your large and strong wings let you fly indefinitely.
You resist negative energy. (rN+)
You are resistant to electric shocks. (rElec)
You can survive without breathing.
You are immune to petrification.
You are immune to rotting.
You are dopey. (Int -2)
You are weak. (Str -2)
Your movements are slightly less encumbered by armour. (ER -2)
[Scrolls take you longer to read.]
[You are very frail. (-20% HP)]


Message History

The raiju blinks!
You feel very mighty all of a sudden.
You are covered in liquid flames!
* * * LOW HITPOINT WARNING * * *
Unknown command.
Unknown command.
Press: ? - help, v - describe, . - travel
Here: a raiju The floor.
Okay, then.
You gain the combat prowess of a mighty hero.
You are covered in liquid flames!
* * * LOW HITPOINT WARNING * * *
Unknown command.
Unknown command.
You barely miss the raiju. You slash the small abomination!
You block the raiju's attack. The balrug gestures at you. Something smites you!
You die...

.#.# . #...#.....
#..# ...#.# ...#.#
##.# ##.
.....#..#'## ##.
##.......##.....
...(.........##....
# ..# #.
#5xA.#.##...#.# ##
##.G. ..##.....#
##....2..##.h...#
#.........#.@....#
.##.....§#x.....#
........2'...''##
#.##....#§#...### .
# ......#...#
.........#...#
#........#...#
#...... .#...#
#.#.....§..#..


You could see a balrug, a raiju and a small abomination.

Vanquished Creatures
  A sphinx (D:14)
  A reaper (Abyss:2)
  The ghost of Galewin the Executioner, a journeyman MiBe of Trog (D:14)
  Snorg (D:12)
  A yaktaur captain (D:14)
  8 vault guards (D:13)
  A centaur warrior (D:15)
  A two-headed ogre (D:14)
  Erica (D:11)
  A tengu warrior (D:14)
  An unseen horror (D:13)
  A wizard (D:14)
  An orc knight (Bailey)
  6 ugly things
  2 deep elf magi (D:15)
  A wolf spider zombie (D:13)
  2 cyclopes
  A gargoyle (D:11)
  4 molten gargoyles (D:10)
  An orange demon (Abyss:2)
  A komodo dragon (D:15)
  2 kobold demonologists (D:14)
  An ancient zyme (Abyss:2)
  4 trolls
  A wolf spider simulacrum (D:14)
  A hornet (D:11)
  Prince Ribbit (D:6)
  3 hippogriffs
  A slime creature (shapeshifter) (D:14)
  A large abomination (Abyss:2)
  A shadow (D:14)
  A wraith (D:10)
  13 yaks
  2 vampires
  A ynoxinul (Abyss:2)
  A golden eye (Abyss:2)
  3 wyverns
  8 vampire mosquitoes
  A neqoxec (Abyss:2)
  A water moccasin (D:8)
  A hornet zombie (D:8)
  8 orc warriors
  2 phantoms
  An eye of draining (D:14)
  An ice beast (D:5)
  4 necrophages
  6 sky beasts
  12 ogres
  10 centaurs
  2 crocodiles (D:8)
  4 big kobolds
  8 bullfrogs
  2 small abominations (Abyss:2)
  A wyvern skeleton (D:11)
  5 scorpions
  The ghost of Britaniac the Slasher, a weakling MiFi (D:3)
  19 wights
  3 howler monkeys
  8 crimson imps
  3 bullfrog zombies
  7 jellies
  5 hounds
  9 orc priests
  4 bullfrog skeletons
  4 iguanas
  6 centaur skeletons
  Ijyb (D:5)
  Terence (D:2)
  13 orc wizards
  13 worker ants
  A killer bee zombie (D:10)
  A hound zombie (D:5)
  2 hound skeletons
  A howler monkey zombie (D:8)
  A worker ant zombie (D:9)
  17 gnolls
  19 adders
  4 shadow imps
  5 worms
  4 dart slugs
  5 leopard geckos
  41 orcs
  A ball python (D:4)
  6 giant cockroaches
  12 goblins
  17 hobgoblins
  6 jackals
  6 quokkas
  8 bats
  5 frilled lizards
  A jackal zombie (D:8)
  49 kobolds
  A leopard gecko skeleton (D:4)
  A leopard gecko zombie (D:8)
  A quokka skeleton (D:4)
  2 rats (D:2)
  A bush (D:8)
467 creatures vanquished.

Vanquished Creatures (others)
  A centaur (D:14)
  A small abomination (Abyss:2)
  A bush (D:8)
  A fungus (D:8)
  12 plants (D:8)
16 creatures vanquished.

Grand Total: 483 creatures vanquished

Notes
Turn   | Place    | Note
-------+----------+-------------------------------------------
     0 | D:1      | protoss039 the Gargoyle Monk began the quest for the Orb.
     0 | D:1      | Reached XP level 1. HP: 14/14 MP: 1/1
    76 | D:1      | Reached skill level 3 in Axes
    98 | D:1      | Reached XP level 2. HP: 10/19 MP: 2/2
   614 | D:1      | Reached XP level 3. HP: 16/24 MP: 3/3
   937 | D:2      | Noticed Terence
   976 | D:2      | Killed Terence
   976 | D:2      | Reached skill level 4 in Axes
   976 | D:2      | Reached XP level 4. HP: 12/29 MP: 4/4
   999 | D:2      | Found a faded altar of an unknown god.
  1534 | D:2      | Reached XP level 5. HP: 29/34 MP: 5/5
  1553 | D:2      | Found an ornate altar of the Wu Jian Council.
  1691 | D:3      | Noticed Britaniac's ghost (weakling MiFi)
  2155 | D:3      | Found an iron altar of Okawaru.
  2161 | D:3      | Became a worshipper of Warmaster Okawaru
  2161 | D:3      | Reached * piety under Okawaru
  2161 | D:3      | Reached ** piety under Okawaru
  2620 | D:3      | Reached skill level 1 in Invocations
  2675 | D:3      | Reached skill level 1 in Armour
  2731 | D:3      | Reached XP level 6. HP: 39/39 MP: 7/7
  2741 | D:3      | Found a hazy altar of Hepliaklqana.
  2979 | D:3      | Killed Britaniac's ghost
  3298 | D:4      | Reached skill level 5 in Fighting
  3425 | D:4      | Reached XP level 7. HP: 30/44 MP: 9/9
  3437 | D:4      | Reached skill level 5 in Axes
  3470 | D:4      | Found Aficsaxe's Book Shoppe.
  3562 | D:4      | Noticed diana's ghost (amateur MiFi)
  3731 | D:4      | Reached *** piety under Okawaru
  3972 | D:5      | Entered Level 5 of the Dungeon
  4342 | D:5      | Reached skill level 5 in Invocations
  4342 | D:5      | Reached XP level 8. HP: 48/51 MP: 11/11
  4530 | D:5      | Reached **** piety under Okawaru
  4938 | D:5      | Found a shattered altar of Ashenzari.
  4949 | D:5      | Noticed Ijyb
  4969 | D:5      | Killed Ijyb
  5038 | D:6      | Reached skill level 6 in Axes
  5076 | D:6      | Found an opulent altar of Gozag.
  5103 | D:6      | Reached XP level 9. HP: 41/56 MP: 12/14
  5121 | D:6      | Noticed Prince Ribbit
  5147 | D:6      | Killed Prince Ribbit
  5269 | D:6      | Reached ***** piety under Okawaru
  5538 | D:6      | Found Ahigaruq's Distillery.
  5545 | D:6      | Bought a potion of heal wounds for 60 gold pieces
  5545 | D:6      | Bought a potion of curing for 36 gold pieces
  5545 | D:6      | Bought a potion of mutation for 96 gold pieces
  5548 | D:6      | Gained mutation: Your mind is acute. (Int +2) [potion of mutation]
  5548 | D:6      | Gained mutation: Your large and strong wings let you fly indefinitely. [potion of mutation]
  5697 | D:7      | Reached skill level 1 in Shields
  5741 | D:7      | Found a staircase to the Ecumenical Temple.
  5751 | Temple   | Entered the Ecumenical Temple
  5996 | D:7      | Received a gift from Okawaru
  6129 | D:7      | Reached skill level 7 in Axes
  6133 | D:7      | Found a deep blue altar of Sif Muna.
  6183 | D:7      | Identified Sif Muna's Volume of Flight
  6262 | D:7      | Found Titzovidgh's Weapon Shop.
  6664 | D:7      | Found a sacrificial altar of Ru.
  6859 | D:8      | Found a blossoming altar of Fedhas.
  6892 | D:8      | Found a burning altar of Makhleb.
  7129 | D:8      | Reached XP level 10. HP: 58/64 MP: 11/15
  7134 | D:8      | Reached skill level 8 in Axes
  7159 | D:8      | Found a staircase to the Lair.
  7566 | D:8      | Reached skill level 5 in Shields
  7751 | D:9      | Reached skill level 9 in Axes
  8001 | D:9      | Found an iron altar of Okawaru.
  8131 | D:9      | Found a basalt altar of Yredelemnul.
  8493 | D:10     | Entered Level 10 of the Dungeon
  8579 | D:10     | Reached XP level 11. HP: 53/71 MP: 14/16
  8635 | D:10     | Reached skill level 10 in Axes
  8943 | D:10     | Found a flagged portal.
  8953 | Bailey   | Entered a bailey
  9128 | Bailey   | Lost mutation: Your large and strong wings let you fly indefinitely. [potion of mutation]
  9128 | Bailey   | Lost mutation: Your mind is acute. (Int +2) [potion of mutation]
  9128 | Bailey   | Gained mutation: You have an increased reservoir of magic. (+10% MP) [potion of mutation]
  9128 | Bailey   | Gained mutation: Your muscles are strong. (Str +2) [potion of mutation]
  9198 | Bailey   | Noticed an orc knight
  9341 | Bailey   | Killed an orc knight
  9522 | D:10     | Reached skill level 10 in Fighting
  9594 | D:10     | Received a gift from Okawaru
 10103 | D:11     | Reached skill level 11 in Axes
 10582 | D:11     | Noticed Erica
 10604 | D:11     | Killed Erica
 10604 | D:11     | Reached skill level 5 in Armour
 10802 | D:12     | Reached ****** piety under Okawaru
 10827 | D:12     | Lost mutation: Your muscles are strong. (Str +2) [potion of mutation]
 10827 | D:12     | Lost mutation: You have an increased reservoir of magic. (+10% MP) [potion of mutation]
 10827 | D:12     | Gained mutation: You are weak. (Str -2) [potion of mutation]
 10827 | D:12     | Gained mutation: Your movements are slightly less encumbered by armour. (ER -2) [potion of mutation]
 11070 | D:12     | Received a gift from Okawaru
 11070 | D:12     | Reached XP level 12. HP: 44/78 MP: 13/17
 11073 | D:12     | Got an ichor-stained halberd {god gift}
 11083 | D:12     | Identified the +1 halberd "Earthworm" {freeze, rF+ MR- Int+5} (Okawaru gifted it to you on level 12 of the Dungeon)
 11142 | D:12     | Found a staircase to the Orcish Mines.
 11384 | D:12     | Noticed Snorg
 11427 | D:12     | Killed Snorg
 11750 | D:13     | Noticed a vault guard
 11750 | D:13     | Noticed a vault guard
 11750 | D:13     | Noticed a vault guard
 11752 | D:13     | Noticed a vault guard
 11752 | D:13     | Noticed a vault guard
 11752 | D:13     | Found a gate to the Vaults.
 11752 | D:13     | Noticed a vault guard
 11753 | D:13     | Noticed a vault guard
 11753 | D:13     | Noticed a vault guard
 11768 | D:13     | Killed a vault guard
 11787 | D:13     | Killed a vault guard
 11787 | D:13     | Reached skill level 12 in Axes
 11803 | D:13     | Killed a vault guard
 11815 | D:13     | Killed a vault guard
 11815 | D:13     | Received a gift from Okawaru
 11828 | D:13     | Killed a vault guard
 11849 | D:13     | Killed a vault guard
 11856 | D:13     | Killed a vault guard
 11865 | D:13     | Killed a vault guard
 11879 | D:13     | Got an ancient broad axe {god gift}
 11883 | D:13     | Identified the +1 broad axe "Ylezamos" {drain, Dex+5} (Okawaru gifted it to you on level 13 of the Dungeon)
 12043 | D:13     | Reached XP level 13. HP: 65/85 MP: 19/19
 12252 | D:14     | Received a gift from Okawaru
 12371 | D:14     | Reached skill level 13 in Axes
 12465 | D:14     | Noticed Galewin's ghost (journeyman MiBe)
 12484 | D:14     | Killed Galewin's ghost
 12931 | D:14     | Noticed a sphinx
 12934 | D:14     | Paralysed by a sphinx for 6 turns
 12949 | D:14     | Paralysed by a sphinx for 2 turns
 13158 | D:14     | Killed a sphinx
 13464 | D:14     | Noticed a yaktaur captain
 13482 | D:14     | Killed a yaktaur captain
 13730 | D:15     | Entered Level 15 of the Dungeon
 13746 | D:15     | Received a gift from Okawaru
 13888 | D:15     | Cast into level 2 of the Abyss (a wizard)
 13947 | Abyss:2  | Noticed a reaper
 13971 | Abyss:2  | Killed a reaper
 14025 | Abyss:2  | Noticed a tentacled starspawn
 14051 | Abyss:2  | Noticed a great orb of eyes
 14065 | Abyss:2  | Noticed a great orb of eyes
 14145 | Abyss:2  | Found a shadowy altar of Dithmenos.
 14181 | Abyss:2  | Gained mutation: You are dopey. (Int -2) [a neqoxec]
 14234 | Abyss:2  | Noticed a bone dragon
 14239 | Abyss:2  | Noticed a starcursed mass
 14339 | Abyss:2  | Gained mutation: Your large and strong wings let you fly indefinitely. [Gargoyle growth]
 14339 | Abyss:2  | Reached XP level 14. HP: 56/73 MP: 14/20
 14340 | Abyss:2  | Noticed a balrug
 14351 | Abyss:2  | Noticed a profane servitor
 14357 | Abyss:2  | Killed from afar by a balrug

Skill      XL: |  1  2  3  4  5  6  7  8  9 10 11 12 13 |
---------------+----------------------------------------+-----
Axes           | 3 4 5 6 7 9 11 12 13 | 13.9
Fighting       | 4 5 6 7 9 10 11 12 | 12.6
Invocations    | 1 3 5 6 7 8 |  8.3
Armour         | 1 2 3 4 5 7 9 |  9.3
Shields        | 3 6 7 9 |  9.5
Dodging        | |  2.4
Stealth        | |  2.1

Action                   |  1- 3 |  4- 6 |  7- 9 | 10-12 | 13-15 || total
-------------------------+-------+-------+-------+-------+-------++-------
Melee: Hand axe          |   108 |   154 |       |       |       ||   262
       War axe           |       |   139 |   476 |  1035 |       ||  1650
       Broad axe         |       |       |       |    35 |   356 ||   391
Throw: Tomahawk          |       |       |       |    10 |    38 ||    48
Invok: Heroism           |       |       |     1 |     5 |     3 ||     9
       Finesse           |       |       |     1 |     3 |     1 ||     5
 Abil: Fly               |       |       |     1 |       |       ||     1
       Stop Flying       |       |       |     1 |       |       ||     1
  Use: Scroll            |       |     4 |    14 |     6 |     4 ||    28
       Potion            |       |       |     3 |    10 |    10 ||    23
 Stab: Sleeping          |     1 |       |       |     1 |     1 ||     3
  Eat: Chunk             |       |     5 |    13 |    18 |     6 ||    42
       Ration            |       |     1 |       |       |     1 ||     2
Armor: Robe              |    51 |       |       |       |       ||    51
       Ring mail         |       |    95 |   140 |   377 |   164 ||   776
       Scale mail        |       |    52 |   115 |       |       ||   167
Dodge: Dodged            |    80 |   186 |   177 |   365 |   101 ||   909
Block: Buckler           |       |       |    17 |       |       ||    17
       Shield            |       |       |    62 |   550 |   229 ||   841
       Reflection        |       |       |       |    11 |    21 ||    32
